 Dungeon Sprint DCSS version 0.17-a0-18-gc25b939 (webtiles) character file.

825 Ololoev the Severer (level 7, 0/56 HPs)
             Began as a Hill Orc Gladiator on Mar 12, 2015.
             Was the Champion of Makhleb.
             Slain by a merfolk
             ... wielding a +0 trident
              (13 damage)
             ... in the Dungeon (Sprint V: "Ziggurat Sprint").
             The game lasted 00:06:45 (268 turns).

Ololoev the Severer (Hill Orc Gladiator)             Turns: 268, Time: 00:06:46

Health: 0/56       AC: 18    Str: 25    XL:     7   Next: 96%
Magic:  20/20      EV:  4    Int:  8    God:    Makhleb [******]
Gold:   0          SH:  0    Dex: 16    Spells: 1 memorised, 3 levels left

rFire  + . .     SeeInvis +     C - +5 executioner's axe
rCold  + . .     Clarity  .     D - +5 gold dragon armour
rNeg   . . .     SustAb   .     (no shield)
rPois  +         Gourm    .     c - +0 helmet
rElec  .         Spirit   .     (no cloak)
rCorr  .         Warding  .     (no gloves)
rMut   .         NoTele   +     (no boots)
MR     .....                    (no amulet)
Stlth  ..........               b - ring of Proeroru {Dex+4 SInv}
                                H - +6 ring of strength

@: not resistant to hostile enchantments, extremely unstealthy
A: no striking features
a: Minor Destruction, Lesser Servant of Makhleb, Major Destruction, Greater
Servant of Makhleb, Renounce Religion


You were in the Dungeon.
You worshipped Makhleb.
Makhleb was exalted by your worship.
You were not hungry.

You visited 1 branch

Notes
Turn   | Place    | Note
--------------------------------------------------------------
     0 | D        | Ololoev, the Hill Orc Gladiator, began the quest for the Orb.
     0 | D        | Reached XP level 1. HP: 18/18 MP: 1/1
     0 | D        | Found a corrupted altar of Lugonu.
     0 | D        | Found a viscous altar of Jiyva.
     0 | D        | Found a white marble altar of Elyvilon.
     0 | D        | Found a burning altar of Makhleb.
     0 | D        | Found an iron altar of Okawaru.
     2 | D        | Found a sparkling altar of Nemelex Xobeh.
     2 | D        | Found a basalt altar of Yredelemnul.
     2 | D        | Found a deep blue altar of Sif Muna.
     2 | D        | Found a radiant altar of Vehumet.
     6 | D        | Found a bloodstained altar of Trog.
    33 | D        | Found a shimmering altar of Xom.
    67 | D        | Became a worshipper of Makhleb the Destroyer
    78 | D        | Reached skill level 7 in Axes
    78 | D        | Reached skill level 5 in Evocations
    78 | D        | Reached XP level 2. HP: 25/25 MP: 3/3
    79 | D        | Entered arena 1.
    81 | D        | Reached skill level 8 in Axes
    81 | D        | Acquired Makhleb's first power
    87 | D        | Entered arena 2.
    87 | D        | Noticed a water moccasin
    87 | D        | Noticed a water moccasin
    89 | D        | Killed a water moccasin
    89 | D        | Reached skill level 10 in Axes
    89 | D        | Reached XP level 3. HP: 30/30 MP: 5/7
    89 | D        | Reached XP level 4. HP: 37/37 MP: 6/9
    90 | D        | Killed a water moccasin
    90 | D        | Reached skill level 11 in Axes
    90 | D        | Reached XP level 5. HP: 42/42 MP: 7/13
    90 | D        | Acquired Makhleb's second power
    95 | D        | Identified Oloab's Collected Works on Boosts and the Mountains (You found it in the Dungeon)
    99 | D        | Learned a level 3 spell: Regeneration
   102 | D        | Entered arena 3.
   104 | D        | Reached skill level 12 in Axes
   104 | D        | Reached XP level 6. HP: 50/50 MP: 10/15
   105 | D        | Acquired Makhleb's third power
   119 | D        | Entered arena 4.
   119 | D        | Noticed a crimson imp
   119 | D        | Noticed a large abomination
   119 | D        | Noticed a crimson imp
   122 | D        | Killed a crimson imp
   122 | D        | Reached skill level 10 in Evocations
   123 | D        | Killed a large abomination
   123 | D        | Reached skill level 13 in Axes
   123 | D        | Acquired Makhleb's fourth power
   124 | D        | Killed a crimson imp
   124 | D        | Reached XP level 7. HP: 56/56 MP: 14/19
   133 | D        | Identified the Collected Works on Execration and Boosts (You found it in the Dungeon)
   176 | D        | Entered arena 5.
   176 | D        | Noticed a crimson imp
   176 | D        | Noticed an iron imp
   176 | D        | Noticed a hell hound
   181 | D        | Killed a crimson imp
   184 | D        | Killed an iron imp
   184 | D        | Acquired Makhleb's fifth power
   190 | D        | Killed a hell hound
   190 | D        | Reached skill level 14 in Axes
   198 | D        | Identified the Disquisition on Enhancements and Cold (You found it in the Dungeon)
   199 | D        | Entered arena 6.
   199 | D        | Noticed a wight
   204 | D        | Killed a wight
   218 | D        | Entered arena 7.
   218 | D        | Noticed an orc wizard
   218 | D        | Noticed an orc wizard
   218 | D        | Noticed an orc priest
   218 | D        | Noticed an orc warrior
   222 | D        | Killed an orc warrior
   222 | D        | Reached skill level 15 in Axes
   223 | D        | Killed an orc wizard
   223 | D        | Killed an orc priest
   228 | D        | Killed an orc wizard
   246 | D        | Got the ring of Proeroru {Dex+4 SInv}
   250 | D        | Entered arena 8.
   250 | D        | Noticed a merfolk
   250 | D        | Noticed a merfolk
   250 | D        | Noticed a centaur
   250 | D        | Noticed a merfolk
   250 | D        | Noticed a centaur
   250 | D        | Noticed a centaur
   250 | D        | Noticed a merfolk
   251 | D        | Identified a +7 rod of the swarm (6/11)
   268 | D        | Slain by a merfolk

Inventory:

Hand weapons
 C - a +5 executioner's axe (weapon)
Missiles
 d - 3 throwing nets (quivered)
Armour
 c - a +0 helmet (worn)
 D - a +5 gold dragon armour (worn)
Jewellery
 b - the ring of Proeroru (right hand) {Dex+4 SInv}
   (You found it in the Dungeon)

   [ring of dexterity]

   It affects your dexterity (+4).
   It enhances your eyesight.
 B - an uncursed ring of protection from cold
 H - a +6 ring of strength (left hand)
Magical devices
 J - a wand of disintegration (7)
 K - a wand of fire (5)
 L - a wand of cold (5)
 M - a wand of draining (4)
Scrolls
 k - 3 scrolls of blinking
 s - 4 scrolls of amnesia
 t - 3 scrolls of recharging
 u - 7 scrolls of fog
 v - a scroll of holy word
 w - 5 scrolls of identify
 x - 5 scrolls of remove curse
 y - 2 scrolls of fear
Potions
 e - 9 potions of curing
 h - 6 potions of haste
 i - 7 potions of magic
 j - 2 potions of berserk rage
 l - 2 potions of brilliance
 m - 2 potions of invisibility
 n - 2 potions of restore abilities
 o - 4 potions of resistance
 q - 3 potions of agility
 r - 3 potions of might
Miscellaneous
 a - a disc of storms
 E - a stone of tremors
Comestibles
 f - 5 meat rations
 p - 6 chunks of flesh
 z - 42 fruits
 A - 4 bread rations

Table legend:
 A = Turns spent in this place as a percentage of turns spent in the entire game.
 B = Non-inter-level travel turns spent in this place as a percentage of non-inter-level travel turns spent in the entire game.
 C = Inter-level travel turns spent in this place as a percentage of turns spent in this place.
 D = Turns resting spent in this place as a percentage of non-inter-level travel turns spent in this place.
 E = Turns spent auto-exploring this place as a percentage of non-inter-level travel turns spent in this place.
 F = Non-inter-level travel turns spent in this place divided by the number of levels of this place that you've seen.
                   A       B       C       D       E      F
               +-------+-------+-------+-------+-------+----------------------
         Total | 100.0 | 100.0 |   0.0 |   1.7 |   0.0 | 237.0
       Dungeon | 100.0 | 100.0 |   0.0 |   1.7 |   0.0 | 237.0
               +-------+-------+-------+-------+-------+----------------------


   Skills:
 - Level 2.4 Fighting
 + Level 15.2 Axes
 - Level 2.0 Throwing
 + Level 0.0 Armour
 + Level 2.4 Dodging
 + Level 12.7 Evocations


You had 3 spell levels left.
You knew the following spells:

 Your Spells              Type           Power        Failure   Level  Hunger
a - Regeneration          Chrm/Necr      #.........   100%        3    ####...


Dungeon Overview and Level Annotations

Branches:
Dungeon (1/1)

Altars:
Ashenzari
Cheibriados
Dithmenos
Elyvilon
Fedhas
Gozag
Kikubaaqudgha
Makhleb
Nemelex Xobeh
Okawaru
Qazlal
Ru
Sif Muna
Trog
Vehumet
Xom
Yredelemnul
Zin
The Shining One
Beogh
Jiyva
Lugonu


Message History

The merfolk hits you from afar with a trident.
Drink which item? (? for menu, Esc to quit)
You feel much better. The wasp stings you but does no damage.
The spider bites you.
The centaur hits you with a +7 rod of the swarm (2/11).
The worker ant bites you but does no damage.
The merfolk hits you but does no damage.
The merfolk hits you from afar with a trident!
The worm bites you but does no damage. The wasp stings you but does no damage.
The spider barely misses you.
The merfolk hits you from afar with a trident.
Drink which item? (? for menu, Esc to quit)
You feel much better.
The centaur hits you with a +7 rod of the swarm (2/11).
The worker ant bites you but does no damage.
The wasp stings you but does no damage.
The spider bites you but does no damage.
The merfolk completely misses you.
The merfolk hits you but does no damage.
The centaur barely misses you. The worm bites you but does no damage.
Drink which item? (? for menu, Esc to quit)
You feel much better.
The goliath beetle disappears in a puff of smoke!
The wasp stings you but does no damage. The spider bites you.
The worker ant bites you but does no damage.
The merfolk hits you from afar with a trident!
The centaur hits you with a +7 rod of the swarm (2/11).
The merfolk hits you from afar with a trident!
The wasp stings you but does no damage. The spider bites you.
The merfolk hits you from afar with a trident!
The worker ant bites you but does no damage.
Unknown command.
Drink which item? (? for menu, Esc to quit)
You feel better.
The wasp disappears in a puff of smoke!
The centaur hits you but does no damage.
The killer bee stings you but does no damage.
The spider bites you.
The merfolk hits you but does no damage.
The merfolk hits you from afar with a trident!
You die...

▓........▓........▓
▓.▓....▓.▓.▓|.[.▓.▓
▓........▓........▓
▓▓▓▓▓▓▓▓▓▓▓▓▓▓▓▓▓▓▓
...8©8...▓..8©8..▓
..):.}...▓..[}[..▓
▓...?)mm..▓..[|[..▓
▓.....cycw▓.......▓
▓....cma@.▓.......▓
▓.....ms..▓.......▓
▓.........▓..)....▓
▓.▓.....▓.▓.▓...▓.▓
▓....(....▓.......▓
▓▓▓▓▓▓▓▓▓▓▓▓▓▓▓▓▓▓▓
▓..8©8..▓ ▓..=))..▓
▓...:[..▓


You could see 4 merfolk, a worm, a spider, 3 centaurs, a worker ant and a killer
bee.

Table legend:
 A = Kills in this place as a percentage of kills in entire the game.
 B = Kills by you in this place as a percentage of kills by you in the entire game.
 C = Kills by friends in this place as a percentage of kills by friends in the entire game.
 D = Other kills in this place as a percentage of other kills in the entire game.
 E = Experience gained in this place as a percentage of experience gained in the entire game.
 F = Experience gained in this place divided by the number of levels of this place that you have seen.
                   A       B       C       D       E      F
               +-------+-------+-------+-------+-------+----------------------
         Total | 100.0 | 100.0 |  -nan |  -nan | 100.0 | 1169.0
       Dungeon | 100.0 | 100.0 |  -nan |  -nan | 100.0 | 1169.0
               +-------+-------+-------+-------+-------+----------------------

Vanquished Creatures
  A large abomination (D)
  A hell hound (D)
  2 water moccasins (D)
  An orc warrior (D)
  A wight (D)
  3 crimson imps (D)
  An iron imp (D)
  An orc priest (D)
  2 orc wizards (D)
  A shadow imp (D)
  A white imp (D)
  2 adder zombies (D)
  An adder skeleton (D)
  4 orcs (D)
  A ball python (D)
  A bat skeleton (D)
  2 bat zombies (D)
  A giant cockroach zombie (D)
  A jackal skeleton (D)
  A quokka zombie (D)
29 creatures vanquished.

Vanquished Creatures (others)
  A bat zombie (D)
1 creature vanquished.

Grand Total: 30 creatures vanquished

Action                   |  1- 3 |  4- 6 |  7- 9 || total
-------------------------+-------+-------+-------++-------
Melee: Executioner's axe |     2 |    12 |    25 ||    39
Evoke: Wand              |       |       |     1 ||     1
  Use: Potion            |     3 |     1 |    15 ||    19
       Scroll            |       |       |     1 ||     1

Vault maps used:
D:        sprint_v
